[Event "ICC tourney 1905 (10 3)"]
[Site "Internet Chess Club"]
[Date "2020.07.05"]
[Round "6"]
[White "Openyagami"]
[Black "gmRohde"]
[Result "1/2-1/2"]
[ICCResult "Game drawn by mutual agreement"]
[WhiteElo "2841"]
[BlackElo "1885"]
[Opening "English: symmetrical variation"]
[ECO "A30"]
[NIC "EO.64"]
[Time "15:10:57"]
[TimeControl "600+3"]

1. c4 c5 2. g3 g6 3. Bg2 Bg7 4. Nf3 Nc6 5. O-O d6 6. Nc3 Bd7 7. a3 Nh6 8. e4
O-O 9. d3 f5 10. h3 Nf7 11. Be3 Nd4 12. Bxd4 cxd4 13. Nd5 e6 14. Nf4 e5 15.
Nd5 fxe4 16. dxe4 Kh8 17. Kh2 Nh6 18. b4 Ng8 19. Ne1 Rc8 20. Rc1 Nf6 21.
Nxf6 Qxf6 22. Nd3 b6 23. f4 Qe7 24. fxe5 dxe5 25. Rxf8+ Rxf8 26. Qe2 Be6 27.
c5 Bh6 28. Rf1 Rxf1 29. Bxf1 Bc4 30. Qc2 b5 31. Qf2 Be3 32. Qf3 Kg7 33. Kg2
a6 34. Be2 Qe6 35. Qg4 Qxg4 36. hxg4 Bg5 37. Kf3 Bxd3 38. Bxd3 Kf7 39. Bc2
Ke7 40. a4 Bd2 41. axb5 axb5 42. Bd3 Bxb4 43. c6
{Game drawn by mutual agreement}
1/2-1/2

[Event "ICC tourney 1905 (10 3)"]
[Site "Internet Chess Club"]
[Date "2020.07.05"]
[Round "6"]
[White "JosephLevine"]
[Black "harkerchess"]
[Result "0-1"]
[ICCResult "White checkmated"]
[WhiteElo "1719"]
[BlackElo "1317"]
[Opening "Giuoco Piano"]
[ECO "C54"]
[NIC "IG.02"]
[Time "15:10:54"]
[TimeControl "600+3"]

1. e4 e5 2. Nf3 Nc6 3. Bc4 Bc5 4. c3 Nf6 5. d3 h6 6. O-O d6 7. h3 Be6 8.
Bxe6 fxe6 9. d4 exd4 10. cxd4 Bb6 11. Nc3 O-O 12. Re1 Qd7 13. Be3 Ba5 14.
Qc2 Nb4 15. Qb1 Nh5 16. a3 Nc6 17. b4 Bb6 18. Qd3 Nf4 19. Bxf4 Rxf4 20. Rab1
Raf8 21. Ne2 Rxf3 22. gxf3 e5 23. Kg2 Bxd4 24. f4 Ne7 25. f5 Bb6 26. Nc3 Qc6
27. Kf1 Qe8 28. Nd5 Nxd5 29. Qxd5+ Kh7 30. Qxb7 Qb5+ 31. Kg2 g6 32. fxg6+
Kxg6 33. Rb2 Kh7 34. Qd5 Qe8 35. Qd1 Qg6+ 36. Qg4 Qe8 37. Kf1 Qb5+ 38. Ree2
Bxf2 39. Kg2 Bd4 40. Rbc2 Rg8 41. Rxc7+ Kh8 42. Rec2 Rxg4+ 43. hxg4 Qd3 44.
Rc8+ Kg7 45. R2c7+ Kf6 46. Rf8+ Kg5 47. Rf5+ Kxg4 48. Rg7+ Kh4 49. Rf6 Qh3#
{White checkmated}
0-1

[Event "ICC tourney 1905 (10 3)"]
[Site "Internet Chess Club"]
[Date "2020.07.05"]
[Round "6"]
[White "RagingKnightNC"]
[Black "Kiwimonster31"]
[Result "1/2-1/2"]
[ICCResult "Game drawn because neither player has mating material"]
[WhiteElo "1538"]
[BlackElo "1488"]
[Opening "Ruy Lopez: Marshall, main line, 14...Qh3"]
[ECO "C89"]
[NIC "RL.17"]
[Time "15:10:54"]
[TimeControl "600+3"]

1. e4 e5 2. Nf3 Nc6 3. Bb5 a6 4. Ba4 Nf6 5. O-O b5 6. Bb3 Be7 7. Re1 O-O 8.
c3 d5 9. exd5 Nxd5 10. Nxe5 Nxe5 11. Rxe5 c6 12. d4 Bd6 13. Re1 Qh4 14. g3
Qh3 15. Qf3 Bg4 16. Qg2 Qh5 17. Be3 Bh3 18. Qh1 Rae8 19. Nd2 Nf4 20. Bxf4
Bxf4 21. Qf3 Qxf3 22. Nxf3 Bd6 23. Ng5 Rxe1+ 24. Rxe1 Bf5 25. Nxf7 Rxf7 26.
Re8+ Bf8 27. Ra8 Be4 28. Bxf7+ Kxf7 29. Rxa6 Bd5 30. f4 Bd6 31. Ra7+ Kf6 32.
Kf2 h6 33. Ke3 g5 34. Rd7 Ke6 35. Rh7 gxf4+ 36. gxf4 Kf5 37. Ke2 Bxf4 38. b3
Kg6 39. Ra7 Bxh2 40. Kd3 Bg1 41. c4 bxc4+ 42. bxc4 Bg2 43. Ra8 Kf7 44. Ra7+
Kf6 45. Ra6 Kf5 46. d5 cxd5 47. Rxh6 Bf1+ 48. Kc3 Bxc4 49. a4 Be3 50. Rc6
Be2 51. Rd6 Ke5 52. Rd8 d4+ 53. Kc2 d3+ 54. Rxd3 Bxd3+ 55. Kxd3 Ba7 56. Kc4
Kd6 57. Kb5 Kc7 58. Ka6 Bf2 59. a5 Be1 60. Kb5 Bxa5
{Game drawn because neither player has mating material}
1/2-1/2

[Event "ICC tourney 1905 (10 3)"]
[Site "Internet Chess Club"]
[Date "2020.07.05"]
[Round "6"]
[White "allez"]
[Black "playtowin2020"]
[Result "1-0"]
[ICCResult "Black resigns"]
[WhiteElo "2062"]
[BlackElo "1572"]
[Opening "Nimzo-Indian: Kmoch variation"]
[ECO "E20"]
[NIC "NI.30"]
[Time "15:11:49"]
[TimeControl "600+3"]

1. d4 Nf6 2. c4 e6 3. Nc3 Bb4 4. f3 d5 5. a3 Bd6 6. e4 dxe4 7. fxe4 e5 8. d5
O-O 9. Nf3 a5 10. Bd3 Na6 11. O-O Nc5 12. Bc2 h6 13. Rb1 b6 14. b4 axb4 15.
axb4 Na6 16. Na2 Qe7 17. Bd2 Nc5 18. Nc3 Na6 19. Na2 Bd7 20. Qe1 Rfb8 21.
Nc1 Qe8 22. Ne2 Ba4 23. Bxa4 Qxa4 24. Ng3 Qa2 25. Nf5 Qxc4 26. Qg3 g6 27.
Nxh6+ Kf8 28. Ng5 Nxe4 29. Rxf7+ Ke8 30. Qh3 Bc5+ 31. bxc5 Qxc5+ 32. Be3
Qxd5 33. Nxe4 Qxf7 34. Nxf7 Kxf7 35. Rf1+ Kg7 36. Qh6+ Kg8 37. Qxg6+ Kh8 38.
Rf7 {Black resigns} 1-0

[Event "ICC tourney 1905 (10 3)"]
[Site "Internet Chess Club"]
[Date "2020.07.05"]
[Round "6"]
[White "manest"]
[Black "Aleksandrov73"]
[Result "1-0"]
[ICCResult "Black forfeits on time"]
[WhiteElo "2776"]
[BlackElo "2289"]
[Opening "English opening"]
[ECO "A05"]
[NIC "QP.11"]
[Time "15:11:10"]
[TimeControl "600+3"]

1. Nf3 Nf6 2. c4 e6 3. Nc3 d5 4. e3 dxc4 5. Bxc4 c5 6. O-O Nc6 7. d4 a6 8.
d5 Na5 9. b3 b5 10. Bd3 exd5 11. e4 b4 12. Nxd5 Be7 13. Nxe7 Qxe7 14. e5 Nd5
15. Bg5 Qe6 16. Bf5 Qxf5 17. Qxd5 O-O 18. Qxa8 Bb7 19. Qa7 Bxf3 20. Bh4 Bxg2
21. Kxg2 Qe4+ 22. f3 Qxh4 23. Qxa6 Qd8 24. Rad1 Qc7 25. Rd5 Nb7 26. Rfd1 Qe7
27. Kh1 Nd8 28. Qd6 Qxd6 29. exd6 Ne6 30. f4 g6 31. f5 gxf5 32. Rg1+ Kh8 33.
Rxf5 h6 34. Rf6 Kh7 35. d7 Nd8 36. Rf5 Ne6 37. Re1 {Black forfeits on time}
1-0

[Event "ICC tourney 1905 (10 3)"]
[Site "Internet Chess Club"]
[Date "2020.07.05"]
[Round "6"]
[White "GGuseinov"]
[Black "justinchess"]
[Result "1-0"]
[ICCResult "Black checkmated"]
[WhiteElo "3037"]
[BlackElo "2162"]
[Opening "Sicilian: closed, 2...Nc6"]
[ECO "B23"]
[NIC "SI.44"]
[Time "15:10:56"]
[TimeControl "600+3"]

1. e4 c5 2. Nc3 Nc6 3. Bb5 Nd4 4. Nf3 a6 5. Bd3 Nc6 6. O-O d6 7. a3 g6 8. b4
Bg7 9. Rb1 Nf6 10. h3 O-O 11. Re1 b5 12. bxc5 dxc5 13. e5 Nd7 14. Be4 Bb7
15. e6 fxe6 16. Ng5 Rf6 17. Bxc6 Bxc6 18. Nxe6 Qb8 19. Nxg7 Kxg7 20. Ne4
Bxe4 21. Rxe4 e5 22. Bb2 Kg8 23. Qe2 Qd6 24. a4 c4 25. axb5 axb5 26. Bxe5
Nxe5 27. Rxe5 Raf8 28. f3 b4 29. Qxc4+ Kg7 30. d4 Rf4 31. Rxb4 R8f7 32. c3
Qf6 33. Qe2 Ra7 34. Rb1 Rf7 35. Re1 Qc6 36. Qe3 Qc4 37. Re7 Rxe7 38. Qxe7+
Rf7 39. Qe5+ Kh6 40. d5 Qc5+ 41. Kh2 Qc8 42. Qe3+ Kg7 43. Qd4+ Kh6 44. d6
Qd7 45. c4 Rf5 46. c5 Kg5 47. Re7 Qc6 48. Qg4+ Kf6 49. Qh4+ Rg5 50. Qd4+ Kf5
51. Qe5# {Black checkmated} 1-0

[Event "ICC tourney 1905 (10 3)"]
[Site "Internet Chess Club"]
[Date "2020.07.05"]
[Round "6"]
[White "Venom2020"]
[Black "chessmate09520"]
[Result "1-0"]
[ICCResult "Black checkmated"]
[WhiteElo "1859"]
[BlackElo "1413"]
[Opening "Sicilian: accelerated fianchetto, modern variation with Bc4"]
[ECO "B35"]
[NIC "SI.33"]
[Time "15:10:53"]
[TimeControl "600+3"]

1. e4 c5 2. Nf3 Nc6 3. d4 cxd4 4. Nxd4 g6 5. Nc3 Bg7 6. Be3 Nf6 7. Bc4 O-O
8. Bb3 Qa5 9. O-O e6 10. h3 d5 11. exd5 Nxd5 12. Nxd5 exd5 13. c3 Ne5 14.
Qe2 Bd7 15. Rfd1 Rad8 16. Rd2 b5 17. Bxd5 b4 18. c4 Bc8 19. b3 Ba6 20. Qd1
Rfe8 21. Qc2 Rd6 22. Re1 Rc8 23. Qe4 Rdd8 24. Qh4 Re8 25. Bf4 Qc5 26. Be3
Qa5 27. Kh1 Rcd8 28. Bg5 Rc8 29. Bf6 Nd7 30. Rxe8+ Rxe8 31. Bxg7 Kxg7 32.
Nf3 Qc7 33. Qd4+ Nf6 34. g3 Bb7 35. Bxb7 Qxb7 36. Kg2 h5 37. c5 Re4 38. Qb2
Qc6 39. Rd6 Qxc5 40. Qxf6+ Kh6 41. Qh8# {Black checkmated} 1-0

[Event "ICC tourney 1905 (10 3)"]
[Site "Internet Chess Club"]
[Date "2020.07.05"]
[Round "6"]
[White "nicochasin"]
[Black "danbron"]
[Result "1/2-1/2"]
[ICCResult "Game drawn because neither player has mating material"]
[WhiteElo "1727"]
[BlackElo "1889"]
[Opening "Sicilian: accelerated fianchetto, modern variation with Bc4"]
[ECO "B35"]
[NIC "SI.33"]
[Time "15:11:05"]
[TimeControl "600+3"]

1. e4 c5 2. Nf3 Nc6 3. d4 cxd4 4. Nxd4 g6 5. Nc3 Bg7 6. Be3 Nf6 7. Bc4 Qa5
8. f3 Qb4 9. Bb3 Nxe4 10. Nxc6 Bxc3+ 11. bxc3 Qxc3+ 12. Ke2 dxc6 13. Bd4 e5
14. Bxc3 Nxc3+ 15. Kf2 Nxd1+ 16. Raxd1 O-O 17. Rhe1 Re8 18. f4 Bg4 19. Rd6
exf4 20. Rxe8+ Rxe8 21. Rf6 Be6 22. Rxf4 Bxb3 23. axb3 f5 24. Rd4 Kf7 25.
Rd7+ Re7 26. Rd8 Kf6 27. Ra8 b6 28. b4 Re4 29. c3 Rc4 30. Rxa7 Rxc3 31. Rxh7
Rc4 32. b5 cxb5 33. Rb7 Rc6 34. Ke3 Ke5 35. Re7+ Kd5 36. Kf4 Rc2 37. Re5+
Kc4 38. Kf3 b4 39. Re6 g5 40. Rc6+ Kb3 41. Rxb6 g4+ 42. Kg3 f4+ 43. Kxg4
Rxg2+ 44. Kh3 Rf2 45. Rh6 Kc2 46. Kg4 b3 47. Rc6+ Kb1 48. h4 b2 49. h5 Rc2
50. Rb6 Rh2 51. h6 Kc1 52. Rc6+ Rc2 53. Rxc2+ Kxc2 54. h7 b1=Q 55. h8=Q Qf1
56. Qc8+ Kd2 57. Qf5 f3 58. Qa5+ Ke2 59. Qb5+ Kf2 60. Qxf1+ Kxf1 61. Kxf3
{Game drawn because neither player has mating material}
1/2-1/2

[Event "ICC tourney 1905 (10 3)"]
[Site "Internet Chess Club"]
[Date "2020.07.05"]
[Round "6"]
[White "andrewjiang2"]
[Black "musk6868"]
[Result "1-0"]
[ICCResult "Black forfeits on time"]
[WhiteElo "1140"]
[BlackElo "1706"]
[Opening "Sicilian defense"]
[ECO "B30"]
[NIC "SI.31"]
[Time "15:11:49"]
[TimeControl "600+3"]

1. e4 c5 2. Nf3 Nc6 3. c3 d5 4. exd5 Qxd5 5. d4 Nf6 6. Bd3 Bg4 7. Be2 e6 8.
O-O Be7 9. Be3 cxd4 10. cxd4 O-O 11. Nc3 Qa5 12. h3 Bh5 13. a3 Nd5 14. Nxd5
Qxd5 15. Rc1 Bf6 16. Rc5 Qa2 17. Rxh5 Qxb2 18. Rb5 Qxa3 19. Rxb7 Rfd8 20.
Bd3 h6 21. Be4 Rac8 22. Qd2 Qa6 23. Rbb1 Ne7 24. Bb7 Qa4 25. Bxc8 Nxc8 26.
Qb4 Qa2 27. Rfc1 Nb6 28. Ra1 Qe2 29. Rxa7 Nd5 30. Qb7 Nxe3 31. Qxf7+ Kh8 32.
Re1 Qc4 33. fxe3 Qc3 34. Qxe6 Rb8 35. Rf1 {Black forfeits on time} 1-0

[Event "ICC tourney 1905 (10 3)"]
[Site "Internet Chess Club"]
[Date "2020.07.05"]
[Round "6"]
[White "dopolian"]
[Black "Venegas"]
[Result "1/2-1/2"]
[ICCResult "Black stalemated"]
[WhiteElo "2066"]
[BlackElo "1665"]
[Opening "Sicilian: dragon, Yugoslav attack, 7...O-O"]
[ECO "B76"]
[NIC "SI.17"]
[Time "15:11:49"]
[TimeControl "600+3"]

1. e4 c5 2. Nf3 d6 3. d4 cxd4 4. Nxd4 Nf6 5. Nc3 g6 6. Be3 Bg7 7. f3 O-O 8.
Qd2 Nc6 9. g4 Bxg4 10. fxg4 Nxg4 11. O-O-O Nxe3 12. Qxe3 Nxd4 13. Rxd4 Qb6
14. Rd3 Qxe3+ 15. Rxe3 Bh6 16. Kd2 Bxe3+ 17. Kxe3 e6 18. Bc4 Rfc8 19. Bb3 a6
20. Rd1 Rc6 21. a4 Rb8 22. Ne2 b5 23. Nd4 Rc5 24. axb5 axb5 25. Nf3 Kg7 26.
Rxd6 h6 27. Rd7 Rb6 28. Kd4 Rcc6 29. Ne5 Rd6+ 30. Kc5 Rxd7 31. Nxd7 Rb7 32.
Kc6 Ra7 33. Ne5 f5 34. exf5 gxf5 35. Kxb5 Kf6 36. Nf3 e5 37. c4 e4 38. Nd4
f4 39. c5 f3 40. Bc4 Rb7+ 41. Ka6 Rb4 42. Nxf3 exf3 43. Bf1 Rxb2 44. c6 Rxh2
45. c7 Rc2 46. Kb7 Ke5 47. c8=Q Rxc8 48. Kxc8 Kf4 49. Kd7 Ke3 50. Ke6 Kf2
51. Bd3 h5 52. Kf5 Kg3 53. Ke4 Kg2 54. Kf4 h4 55. Be4 h3 56. Bxf3+ Kg1 57.
Kg3 h2 58. Bh1 Kxh1 59. Kf2 {Black stalemated} 1/2-1/2

[Event "ICC tourney 1905 (10 3)"]
[Site "Internet Chess Club"]
[Date "2020.07.05"]
[Round "6"]
[White "jy2020"]
[Black "bpovo1394"]
[Result "1-0"]
[ICCResult "Black resigns"]
[WhiteElo "1765"]
[BlackElo "1098"]
[Opening "Caro-Kann: two knights, 3...Bg4"]
[ECO "B10"]
[NIC "CK.01"]
[Time "15:10:55"]
[TimeControl "600+3"]

1. e4 c6 2. Nf3 d5 3. Nc3 Bg4 4. h3 Bxf3 5. Qxf3 Nf6 6. d3 d4 7. Ne2 e5 8.
g3 Bd6 9. Bg2 O-O 10. O-O c5 11. g4 b5 12. Qg3 Nc6 13. f4 exf4 14. Bxf4 Bxf4
15. Qxf4 Qe7 16. Ng3 Qe5 17. Qf2 c4 18. Nf5 Nd7 19. Qe2 Qc5 20. Qd2 f6 21.
g5 Nde5 22. a3 a5 23. Rf2 Rab8 24. Raf1 b4 25. axb4 axb4 26. gxf6 Rxf6 27.
Nxg7 Rxf2 28. Rxf2 Kxg7 29. Qg5+ Kh8 30. Qf6+ Kg8 31. Qg5+ Kh8 32. Qf6+ Kg8
33. Rf5 Qe7 34. Qxe7 Nxe7 35. Rxe5 b3 36. cxb3 cxd3 37. Rxe7 d2 38. Bf3 Rxb3
39. Bd1 Rxh3 40. Kf2 Rh2+ 41. Kf3 Rh1 42. Ke2 Rh2+ 43. Kd3 h5 44. Rd7 Rh3+
45. Kxd2 d3 46. Rxd3 Rh2+ 47. Kc3 h4 48. Bg4 Rg2 49. Bf5 {Black resigns} 1-0

[Event "ICC tourney 1905 (10 3)"]
[Site "Internet Chess Club"]
[Date "2020.07.05"]
[Round "6"]
[White "kptl132"]
[Black "destroyingeagle"]
[Result "0-1"]
[ICCResult "White resigns"]
[WhiteElo "1489"]
[BlackElo "1440"]
[Opening "Robatsch defense: Geller's system"]
[ECO "B07"]
[NIC "VO.17"]
[Time "15:11:06"]
[TimeControl "600+3"]

1. e4 d6 2. d4 g6 3. Nf3 Bg7 4. c3 Nc6 5. Bd3 e5 6. O-O exd4 7. cxd4 Bxd4 8.
Nxd4 Nxd4 9. Nc3 Be6 10. Re1 Qd7 11. Bg5 f6 12. Be3 Nc6 13. Nd5 Kf7 14. Nf4
Kg7 15. Nxe6+ Qxe6 16. a3 Nh6 17. Rc1 Qd7 18. f3 Nf7 19. Qd2 a6 20. b4 Rhc8
21. Bb1 Ne7 22. Qc3 Ng8 23. Red1 Qe7 24. Ba2 c6 25. Rd4 Rd8 26. Rcd1 Rd7 27.
Bxf7 Kxf7 28. Qd2 Rad8 29. Bf4 d5 30. exd5 Rxd5 31. Rxd5 Rxd5 32. Qa2 Qd7
33. Rxd5 Qxd5 34. Qxd5+ cxd5 35. Kf2 Ke6 36. Ke3 Ne7 37. a4 Nc6 38. b5 axb5
39. axb5 Na7 40. b6 Nc6 41. Bc7 Kd7 42. h4 Ne7 43. g4 Kc6 44. Kd4 Kd7 45.
Bf4 Ke6 46. Bc7 Nc6+ 47. Kc5 Ne5 48. Bxe5 fxe5 49. h5 gxh5 50. gxh5 d4 51.
Kc4 Kf5 52. Kd5 d3 53. Kd6 d2 54. Kc7 d1=Q 55. Kxb7 Qd8 56. Ka7 Kf4 57. b7
Qa5+ 58. Kb8 Kxf3 59. Kc8 Qc5+ 60. Kd7 Qb6 61. Kc8 Qc6+ 62. Kb8 Kg4 63. Ka8
Qxb7+ 64. Kxb7 Kxh5 65. Kc6 e4 {White resigns} 0-1

[Event "ICC tourney 1905 (10 3)"]
[Site "Internet Chess Club"]
[Date "2020.07.05"]
[Round "6"]
[White "TjkTiger"]
[Black "espark"]
[Result "1-0"]
[ICCResult "Black resigns"]
[WhiteElo "2179"]
[BlackElo "1743"]
[Opening "QGD: Charousek (Petrosian) variation"]
[ECO "D31"]
[NIC "EO.64"]
[Time "15:11:07"]
[TimeControl "600+3"]

1. c4 e6 2. Nc3 d5 3. d4 Be7 4. cxd5 exd5 5. Bf4 Nf6 6. e3 c6 7. Bd3 O-O 8.
h3 Re8 9. Nf3 Nbd7 10. Qc2 Nf8 11. O-O Ne6 12. Bh2 c5 13. dxc5 Nxc5 14. Bb5
Bd7 15. Bxd7 Qxd7 16. Rfd1 Rac8 17. Qe2 Nce4 18. Nb5 Bc5 19. Nbd4 a6 20.
Rac1 h6 21. Rc2 Ba7 22. Rdc1 Rc5 23. b4 Rxc2 24. Qxc2 Bb6 25. a4 Qe7 26. Rb1
Qf8 27. a5 Rc8 28. Qb2 Ba7 29. Be5 Nd7 30. Nf5 f6 31. Bd4 Bb8 32. Qb3 Rc4
33. b5 Nec5 34. Qd1 Qf7 35. N3h4 Bc7 36. b6 Bb8 37. Rc1 Kh7 38. Nf3 Qe6 39.
Ng3 Bxg3 40. fxg3 Ne4 41. g4 Qc6 42. Rxc4 Qxc4 43. h4 Qb4 44. g5 Qxa5 45.
gxh6 Kxh6 46. Qc1 Nxb6 47. Qc7 Nc4 48. Qf4+ Kg6 49. Qg4+ Kf7 50. Qd7+ Kg6
51. Qg4+ Kf7 52. Qd7+ Kg6 53. Kh2 Qb4 54. Qe8+ Kh7 55. Qh5+ Kg8 56. Qxd5+
Kh8 57. Qh5+ Kg8 58. Qe8+ Kh7 59. Qxe4+ Kh8 60. h5 Qd6+ 61. g3 a5 62. Qe8+
Kh7 63. Qg6+ Kh8 64. h6 {Black resigns} 1-0

[Event "ICC tourney 1905 (10 3)"]
[Site "Internet Chess Club"]
[Date "2020.07.05"]
[Round "6"]
[White "NyzhnykIllia"]
[Black "helavir"]
[Result "0-1"]
[ICCResult "White resigns"]
[WhiteElo "1910"]
[BlackElo "2175"]
[Opening "QGD Slav: Soultanb?ieff variation"]
[ECO "D16"]
[NIC "SL.03"]
[Time "15:10:56"]
[TimeControl "600+3"]

1. Nf3 d5 2. d4 Nf6 3. c4 c6 4. Nc3 dxc4 5. a4 e6 6. e3 c5 7. Bxc4 Be7 8.
O-O cxd4 9. Nxd4 O-O 10. b3 Nbd7 11. Bb2 Ne5 12. Be2 Bd7 13. Ncb5 a6 14. Na3
Rc8 15. Nxe6 Bxe6 16. Bxe5 Qxd1 17. Bxd1 Ne4 18. Nc4 Bxc4 19. bxc4 Nd2 20.
Re1 Nxc4 21. Bd4 Bb4 22. Re2 Bc5 23. Bxc5 Rxc5 24. Rc2 Rfc8 25. Rac1 b5 26.
Be2 Kf8 27. f3 Ke7 28. Kf2 Kd6 29. axb5 axb5 30. f4 Nb6 31. Rd2+ Ke7 32.
Rxc5 Rxc5 33. e4 Nc4 34. Ra2 Rc7 35. Bd3 f6 36. Ra8 Kd6 37. Rd8+ Kc5 38.
Rd5+ Kb4 39. Be2 Re7 40. Kf3 Kc3 41. Rxb5 Nd2+ 42. Kg4 Nxe4 43. Bf3 Kd4 44.
Rb4+ Ke3 45. Bxe4 Rxe4 46. Rb3+ Kf2 47. Rb7 g6 48. g3 h5+ 49. Kh3 g5 50.
fxg5 fxg5 51. Rb5 Rh4+ {White resigns} 0-1

[Event "ICC tourney 1905 (10 3)"]
[Site "Internet Chess Club"]
[Date "2020.07.05"]
[Round "6"]
[White "Kokoro"]
[Black "Candychessguru"]
[Result "1-0"]
[ICCResult "Black forfeits on time"]
[WhiteElo "1814"]
[BlackElo "1646"]
[Opening "Caro-Kann: advance variation"]
[ECO "B12"]
[NIC "CK.04"]
[Time "15:11:10"]
[TimeControl "600+3"]

1. e4 c6 2. d4 d5 3. e5 Bf5 4. Nf3 e6 5. Be2 Ne7 6. O-O h6 7. Be3 Nd7 8.
Nbd2 Qc7 9. Nb3 g5 10. Ne1 a6 11. a4 c5 12. Nxc5 Nxc5 13. dxc5 Nc6 14. Nf3
Bg7 15. c3 Nxe5 16. Nd4 Bg6 17. b4 Nd7 18. Bh5 Bxh5 19. Qxh5 O-O 20. h4 Nf6
21. Qf3 Ne4 22. hxg5 hxg5 23. Rac1 Rac8 24. Qh5 Qe5 25. Rfe1 Bf6 26. f3 Ng3
27. Qg4 Qb8 28. Bf2 Nf5 29. Nxf5 exf5 30. Qxf5 Qf4 31. Qxd5 Kg7 32. g3 Qc7
33. Kg2 Rh8 34. Qf5 Rcd8 35. Bd4 Bxd4 36. Qxg5+ Kf8 37. cxd4 Rxd4 38. Re2
Qd7 39. g4 Rd1 40. Re1 Rd2+ 41. Kg3 Rhh2 42. Re5 Rhg2+ 43. Kf4 Qd4+ 44. Re4
{Black forfeits on time}
1-0

[Event "ICC tourney 1905 (10 3)"]
[Site "Internet Chess Club"]
[Date "2020.07.05"]
[Round "6"]
[White "MrNormalName"]
[Black "ganzy"]
[Result "1-0"]
[ICCResult "Black checkmated"]
[WhiteElo "1727"]
[BlackElo "1409"]
[Opening "King's Indian: orthodox, Aronin-Taimanov, 9.Ne1"]
[ECO "E98"]
[NIC "KI.03"]
[Time "15:11:10"]
[TimeControl "600+3"]

1. d4 Nf6 2. c4 g6 3. Nc3 Bg7 4. e4 d6 5. Nf3 O-O 6. Be2 e5 7. O-O Nc6 8. d5
Ne7 9. Ne1 Ne8 10. Be3 f5 11. f3 f4 12. Bf2 g5 13. c5 Ng6 14. Rc1 Rf7 15. a4
Bf8 16. cxd6 Bxd6 17. a5 a6 18. Nd3 h5 19. Nc5 Bxc5 20. Bxc5 Nd6 21. b4 Rg7
22. Bf2 Nf8 23. h3 Nh7 24. Qd3 g4 25. fxg4 hxg4 26. hxg4 Nf6 27. Bh4 Bxg4
28. Bxg4 Rxg4 29. Qh3 Rg6 30. Qe6+ Kh7 31. Qxe5 Qg8 32. Rc2 Re8 33. Qxf4
Ndxe4 34. Nxe4 Rxe4 35. Rxc7+ Kh8 36. Bxf6+ Rg7 37. Qh6+ Qh7 38. Rc8+ Re8
39. Rxe8# {Black checkmated} 1-0

[Event "ICC tourney 1905 (10 3)"]
[Site "Internet Chess Club"]
[Date "2020.07.05"]
[Round "6"]
[White "davika21"]
[Black "investigator"]
[Result "1-0"]
[ICCResult "Black resigns"]
[WhiteElo "1569"]
[BlackElo "1568"]
[Opening "Pirc: classical system, 5.Be2"]
[ECO "B08"]
[NIC "PU.01"]
[Time "15:10:56"]
[TimeControl "600+3"]

1. e4 d6 2. d4 Nf6 3. Nc3 g6 4. Nf3 Bg7 5. Be2 O-O 6. O-O Bg4 7. h3 Bxf3 8.
Bxf3 Nc6 9. Be3 Re8 10. Re1 e5 11. dxe5 dxe5 12. Qxd8 Rexd8 13. Rad1 Nd4 14.
Bxd4 exd4 15. Nd5 c6 16. Nxf6+ Bxf6 17. e5 Bg7 18. Be4 c5 19. b3 Rab8 20. f4
b5 21. Rd2 a5 22. Red1 f6 23. exf6 Bxf6 24. Kf2 c4 25. f5 g5 26. g3 a4 27.
Bc6 Rb6 28. Be4 axb3 29. axb3 Ra6 30. Bb7 Ra3 31. bxc4 bxc4 32. Re2 Rc3 33.
Rdd2 d3 34. cxd3 cxd3 35. Re6 Kg7 36. Rc6 Rb3 37. Ba6 Bd4+ 38. Kf3 h5 39.
Rxd3 Rxd3+ 40. Bxd3 Bf6 41. Rc7+ Kf8 42. Bc4 h4 43. Rf7+ Ke8 44. Rxf6 hxg3
45. Kxg3 Rd4 46. Be6 Rd2 47. Rg6 Rd3+ 48. Kg4 Ke7 49. Rxg5 Kf6 50. Rg6+ Ke5
51. h4 Rd1 52. Kg5 Rh1 53. h5 Rh2 54. Kh6 Rh1 55. Kg5 Rh2 56. h6 Rh1 57. Kg4
Rh2 58. Kg3 Rh1 59. Kf3 Rh3+ 60. Ke2 Rh4 61. Kd3 Rh3+ 62. Kc4 Rh2 63. Kc5
Rc2+ 64. Kb6 Rh2 65. Kc7 Rd2 66. Kc6 Rd6+ 67. Kc7 Rd2 68. Kc8 Rd6 69. h7
Rc6+ 70. Kd7 {Black resigns} 1-0

[Event "ICC tourney 1905 (10 3)"]
[Site "Internet Chess Club"]
[Date "2020.07.05"]
[Round "7"]
[White "GGuseinov"]
[Black "manest"]
[Result "1/2-1/2"]
[ICCResult "Game drawn by mutual agreement"]
[WhiteElo "3027"]
[BlackElo "2786"]
[Opening "Ruy Lopez: exchange variation, Alapin gambit"]
[ECO "C68"]
[NIC "RL.08"]
[Time "15:42:50"]
[TimeControl "600+3"]

1. e4 e5 2. Nf3 Nc6 3. Bb5 a6 4. Bxc6 dxc6 5. O-O Bg4 6. h3 h5 7. c3 Qd3 8.
hxg4 hxg4 9. Nxe5 Bd6 10. Nxd3 Bh2+ 11. Kh1 Bg3+ 12. Kg1 Bh2+ 13. Kh1 Bg3+
14. Kg1 {Game drawn by mutual agreement} 1/2-1/2

[Event "ICC tourney 1905 (10 3)"]
[Site "Internet Chess Club"]
[Date "2020.07.05"]
[Round "7"]
[White "harkerchess"]
[Black "NyzhnykIllia"]
[Result "0-1"]
[ICCResult "White resigns"]
[WhiteElo "1316"]
[BlackElo "1900"]
[Opening "English: Bremen, Smyslov system"]
[ECO "A22"]
[NIC "EO.10"]
[Time "15:42:52"]
[TimeControl "600+3"]

1. c4 e5 2. Nc3 Nf6 3. g3 Bb4 4. Bg2 c6 5. Nf3 Qe7 6. d3 O-O 7. O-O d6 8.
Bg5 h6 9. Bxf6 Qxf6 10. Ne4 Qe7 11. a3 Ba5 12. c5 dxc5 13. Rc1 Nd7 14. Nxc5
Nxc5 15. b4 Bb6 16. bxc5 Bxc5 17. a4 a5 18. Qc2 Bb4 19. d4 exd4 20. Nxd4 Rd8
21. Rfd1 Bg4 22. h3 Bh5 23. Nf5 Qf6 24. g4 Bg6 25. e4 Qe5 26. Rxd8+ Rxd8 27.
Rd1 Rxd1+ 28. Qxd1 b5 29. Nd4 Qd6 30. Qa1 bxa4 31. Nf5 Bxf5 32. exf5 a3 33.
Be4 Bc5 34. Qb1 Qg3+ 35. Kh1 Qxh3+ 36. Kg1 Qg3+ 37. Kh1 Qh4+ 38. Kg2 Qxf2+
39. Kh1 Qh4+ 40. Kg2 Qxg4+ 41. Kf1 Qg1+ 42. Ke2 Qxb1 43. Bxb1 Kf8 44. Kd3
Ke7 45. Kc4 Bd6 46. Kd4 Kf6 47. Ke4 g5 48. Kf3 h5 49. Ba2 g4+ 50. Kg2 h4 51.
Bc4 h3+ 52. Kh1 g3 53. Bf1 a2 54. Bxh3 a1=Q+ 55. Kg2 Qd1 56. Bg4 Qxg4 57.
Kf1 Qf3+ {White resigns} 0-1

[Event "ICC tourney 1905 (10 3)"]
[Site "Internet Chess Club"]
[Date "2020.07.05"]
[Round "7"]
[White "espark"]
[Black "Ktsuei1102"]
[Result "1-0"]
[ICCResult "Black checkmated"]
[WhiteElo "1747"]
[BlackElo "1412"]
[Opening "Sicilian defense"]
[ECO "B32"]
[NIC "SI.32"]
[Time "15:42:52"]
[TimeControl "600+3"]

1. e4 c5 2. Nf3 Nc6 3. d4 cxd4 4. Nxd4 Qb6 5. Nb3 e6 6. Nc3 Nf6 7. Qe2 Bb4
8. Bd2 O-O 9. a3 Be7 10. O-O-O d5 11. exd5 exd5 12. Be3 Qc7 13. h3 Be6 14.
g4 Rfd8 15. Bg2 Rac8 16. Nd4 Nxd4 17. Bxd4 Qf4+ 18. Kb1 Ne4 19. Nxe4 dxe4
20. Qxe4 Qc7 21. Be5 Qc5 22. f4 Bd7 23. Bd4 Qc7 24. Qxe7 Qxc2+ 25. Ka1 Qxg2
26. Qg5 Kf8 27. Qxg7+ Ke7 28. Bf6+ Ke8 29. Qg8# {Black checkmated} 1-0

[Event "ICC tourney 1905 (10 3)"]
[Site "Internet Chess Club"]
[Date "2020.07.05"]
[Round "7"]
[White "dabbindino"]
[Black "RagingKnightNC"]
[Result "1-0"]
[ICCResult "Black checkmated"]
[WhiteElo "1776"]
[BlackElo "1530"]
[Opening "French: Winawer, advance, poisoned pawn variation"]
[ECO "C18"]
[NIC "FR.11"]
[Time "15:43:46"]
[TimeControl "600+3"]

1. e4 e6 2. d4 d5 3. Nc3 Bb4 4. e5 c5 5. a3 Bxc3+ 6. bxc3 Ne7 7. Qg4 Qc7 8.
Bd2 Nbc6 9. Nf3 Nf5 10. Bd3 O-O 11. O-O Bd7 12. Bxf5 exf5 13. Qg3 Nd8 14.
Bh6 Ne6 15. Ng5 f4 16. Nxe6 fxg3 17. Nxc7 gxh2+ 18. Kxh2 Bc6 19. Bf4 Rac8
20. e6 fxe6 21. Bd6 Rf6 22. dxc5 Rg6 23. Rfe1 Kf7 24. Re5 d4 25. f3 dxc3 26.
Rae1 Bd7 27. R1e3 h5 28. Rxc3 h4 29. Rce3 h3 30. g4 Rf6 31. Nd5 exd5 32.
Re7+ Kg6 33. Rxd7 b6 34. cxb6 Rxc2+ 35. Kxh3 axb6 36. Kg3 Kh6 37. Be7 Rg6
38. Rxd5 Kh7 39. Bh4 Rc4 40. Rd8 Rgc6 41. Rd7 Rc3 42. Rxc3 Rxc3 43. Bf6 Rxa3
44. Rxg7+ Kh6 45. g5+ Kh5 46. Kf4 b5 47. Be5 b4 48. Kf5 Rxf3+ 49. Bf4 Rxf4+
50. Kxf4 b3 51. Rb7 b2 52. Rxb2 Kg6 53. Rb6+ Kg7 54. Kf5 Kf7 55. Rb7+ Ke8
56. g6 Kf8 57. Kf6 Ke8 58. g7 Kd8 59. g8=Q# {Black checkmated} 1-0